 Dungeon Crawl Stone Soup version 0.23-a0-299-g9a66eeb (webtiles) character file.

35622 Dmuffinman the Fencer (level 13, -10/114 HPs)
             Began as a Minotaur Berserker on Oct 4, 2018.
             Was a High Priest of Trog.
             Hit by a large rock thrown by a cyclops (17 damage)
             ... on level 15 of the Dungeon on Oct 6, 2018.
             The game lasted 02:01:57 (14909 turns).

Dmuffinman the Fencer (Minotaur Berserker)         Turns: 14909, Time: 02:01:57

Health: -10/114    AC: 25    Str: 25    XL:     13   Next: 48%
Magic:  15/15      EV: 12    Int:  4    God:    Trog [*****.]
Gold:   639        SH:  0    Dex: 12    Spells: 12/12 levels left

rFire    + . .     SeeInvis .   z - +7 great sword of Propriety {freeze, rF+ rN+ MR+}
rCold    . . .     Gourm    .   (shield currently unavailable)
rNeg     + . .     Faith    .   D - +3 plate armour
rPois    .         Spirit   .   (helmet restricted)
rElec    .         Reflect  .   K - +2 cloak {MR+}
rCorr    .         Harm     .   J - +0 pair of gloves
MR       +++++                  t - +1 pair of boots
Stlth    ..........             (no amulet)
HPRegen  1.29/turn              h - ring of protection from magic
MPRegen  0.14/turn              s - +2 ring of slaying

@: regenerating
A: retaliatory headbutt, horns 2
a: Berserk, Trog's Hand, Brothers in Arms, Renounce Religion


You were on level 15 of the Dungeon.
You worshipped Trog.
Trog was extremely pleased with you.
You were not hungry.

You visited 1 branch of the dungeon, and saw 15 of its levels.
You also visited: Ossuary.

You collected 1076 gold pieces.
You spent 437 gold pieces at shops.

Inventory:

Hand Weapons
 z - the +7 great sword of Propriety (weapon) {freeze, rF+ rN+ MR+}
   (You bought it in a shop on level 4 of the Dungeon)

   It has been specially enchanted to freeze those struck by it, causing extra
   injury to most foes and up to half again as much damage against particularly
   susceptible opponents.
   It can also slow down cold-blooded creatures.
   It protects you from fire.
   It protects you from negative energy.
   It affects your resistance to hostile enchantments.
 B - a +6 antimagic scimitar
 G - a +8 fustibalus of flaming
Missiles
 y - 10 tomahawks of dispersal (quivered)
Armour
 t - a +1 pair of boots (worn)
 w - a +2 shield of poison resistance
 D - a +3 plate armour (worn)
 J - a +0 pair of gloves (worn)
 K - a +2 cloak of magic resistance (worn)
Jewellery
 h - a ring of protection from magic (left hand)
 i - an uncursed ring of resist corrosion
 l - a +3 ring of intelligence
 s - a +2 ring of slaying (right hand)
 x - an uncursed ring of protection from fire
 E - an uncursed ring of poison resistance
Wands
 a - a wand of flame (29)
 u - a wand of disintegration (10)
 A - a wand of iceblast (22)
 C - a wand of polymorph (18)
 I - a wand of acid (8)
 L - a wand of digging (12)
Scrolls
 e - 15 scrolls of remove curse
 k - 8 scrolls of teleportation
 n - a scroll of fog
 v - 2 scrolls of enchant weapon
 F - 2 scrolls of identify
 M - a scroll of torment {unknown}
Potions
 b - 2 potions of brilliance {unknown}
 d - 5 potions of agility
 g - a potion of curing
 j - 2 potions of invisibility {unknown}
 m - 2 potions of flight
 o - a potion of cancellation {unknown}
 p - 3 potions of might {unknown}
 q - 3 potions of lignification
 r - 4 potions of mutation {unknown}
 H - a potion of haste
Comestibles
 c - 20 rations


   Skills:
 + Level 10.3 Fighting
   Level 6.8(12.5) Short Blades
 * Level 17.3(17.8) Long Blades
 + Level 10.7 Armour
 * Level 10.5 Dodging
 + Level 1.7 Stealth
 + Level 3.8 Shields
 * Level 5.2 Evocations


You had 12 spell levels left.
You didn't know any spells.
Your spell library was empty.

Dungeon Overview and Level Annotations

Branches:
Dungeon (15/15)            Temple (0/1) D:7            Lair (0/6) D:8
    Orc (0/2) D:9          Depths (0/5) D:15
 Vaults: D:13-14

Altars:
Dithmenos
Fedhas
Kikubaaqudgha
Makhleb
Okawaru
Ru
Zin

Shops:
D:4 *(:   D:11 ?[**%   D:15 }}[(


Innate Abilities, Weirdness & Mutations

You reflexively headbutt those who attack you in melee.
You have a pair of horns on your head.


Message History

The cyclops throws a large rock.
The large rock hits you!!
You see here a large rock.
The cyclops throws a large rock.
The large rock misses you.
You feel better.
The cyclops throws a large rock.
The large rock hits you.
The cyclops throws a large rock.
The large rock hits you.
Your skin crawls.
You feel resistant to hostile enchantments.
You feel somewhat more hungry.
The cyclops throws a large rock.
The large rock hits you!!
* * * LOW HITPOINT WARNING * * *
The cyclops hits you!!
* * * LOW HITPOINT WARNING * * *
You slice the cyclops!! You freeze the cyclops! You headbutt the cyclops.
The cyclops is severely wounded.
The cyclops hits you but does no damage.
You slice the cyclops!! You freeze the cyclops.
You kill the cyclops!
Trog accepts your kill.
The cyclops throws a large rock.
The large rock hits you!
You die...

.##...#...........#.#
..##.#######.######.#
.##..# ##.# *#.#
##...# #..# *..#
.....######.######.#*
..........#.(.(....#
.............(...###
..............(...#
..#.............@.#
..................#
.##.............C.#
.#................#
.................!#
..##.............##
.###......#.....##
.#.....#########*
.#.....#


You could see a cyclops.

Vanquished Creatures
  Snorg (D:10)
  Harold (D:8)
  A tengu warrior (D:15)
  2 two-headed ogres
  A centaur warrior (D:15)
  Erica (D:8)
  The ghost of Felrender the Blocker, a novice MiFi of Trog (D:10)
  Urug (D:10)
  4 skeletal warriors (D:12)
  A deep troll (shapeshifter) (D:15)
  An orc knight (D:15)
  8 ugly things
  2 wolf spider zombies
  3 manticores
  16 slime creatures
  3 cyclopes
  5 centaur zombies
  Maurice (D:8)
  Psyche (D:8)
  2 gargoyles
  A kobold demonologist (D:14)
  3 trolls
  A meliai (shapeshifter) (D:15)
  5 hippogriffs
  2 shadows
  A spriggan (shapeshifter) (D:15)
  3 wyverns
  Eustachio (D:4)
  A human (D:8)
  2 vampires
  A wraith (D:12)
  A yak (shapeshifter) (D:15)
  11 yaks
  4 vampire mosquitoes (D:15)
  A warg (D:15)
  2 acid dragons
  Duvessa (D:7)
  5 orc warriors
  An ice beast (D:11)
  4 sky beasts
  3 black bears
  3 necrophages
  2 phantoms
  11 ogres
  4 boggarts (D:15)
  4 centaurs
  2 crocodiles
  8 big kobolds
  A wyvern zombie (D:14)
  12 bullfrogs
  3 water moccasin zombies (Ossuary)
  7 scorpions
  Dowan (D:7)
  9 wights
  2 howler monkeys
  4 crimson imps
  3 bullfrog zombies
  A quasit (D:8)
  10 hounds
  11 orc priests
  A bullfrog skeleton (D:12)
  4 gnoll shamans (D:7)
  4 centaur skeletons
  2 jellies (D:10)
  6 orc wizards
  Terence (D:2)
  Ijyb (D:3)
  3 iguanas
  3 worker ants
  2 killer bee zombies (D:8)
  2 big kobold zombies (Ossuary)
  2 mummies (Ossuary)
  21 gnolls
  5 adders
  A howler monkey skeleton (D:6)
  2 shadow imps
  2 adder skeletons
  8 adder zombies
  A worm (D:3)
  6 dart slugs
  6 leopard geckos
  34 orcs
  4 giant cockroaches
  7 goblins
  3 hobgoblins
  13 jackals
  36 kobolds
  5 quokkas
  2 ball pythons
  5 bats
  8 frilled lizards
  6 gnoll zombies (Ossuary)
  A goblin zombie (D:4)
  4 hobgoblin zombies (Ossuary)
  7 kobold zombies (Ossuary)
  An orc zombie (Ossuary)
  A quokka skeleton (D:9)
  9 rats
  A rat zombie (D:4)
  3 fungi (D:7)
  2 plants (D:7)
443 creatures vanquished.

Vanquished Creatures (others)
  An orc (D:8)
  3 fungi (D:7)
4 creatures vanquished.

Grand Total: 447 creatures vanquished

Notes
Turn   | Place    | Note
-------+----------+-------------------------------------------
     0 | D:1      | Dmuffinman the Minotaur Berserker began the quest for the
                  | Orb.
     0 | D:1      | Reached XP level 1. HP: 19/19 MP: 0/0
   176 | D:1      | Reached XP level 2. HP: 23/27 MP: 1/1
   178 | D:1      | Reached skill level 4 in Long Blades
   329 | D:2      | Noticed Terence
   329 | D:2      | Noticed a bullfrog
   338 | D:1      | Killed a bullfrog
   338 | D:1      | Reached skill level 5 in Long Blades
   338 | D:1      | Reached XP level 3. HP: 14/34 MP: 2/2
   338 | D:1      | Reached XP level 4. HP: 17/41 MP: 3/3
   869 | D:2      | Reached XP level 5. HP: 32/47 MP: 4/4
   870 | D:2      | Reached ** piety under Trog
  1097 | D:2      | Killed Terence
  1097 | D:2      | Reached skill level 6 in Long Blades
  1301 | D:2      | Found a shadowy altar of Dithmenos.
  1303 | D:2      | Found an ancient bone altar of Kikubaaqudgha.
  1328 | D:2      | Found a sacrificial altar of Ru.
  1335 | D:2      | Found a burning altar of Makhleb.
  1537 | D:4      | Found a sand-covered staircase.
  1556 | Ossuary  | Entered an ossuary
  1746 | Ossuary  | Reached XP level 6. HP: 47/53 MP: 5/5
  1865 | Ossuary  | Reached *** piety under Trog
  1890 | Ossuary  | Reached skill level 7 in Long Blades
  1935 | Ossuary  | Reached skill level 5 in Fighting
  2108 | D:4      | Reached XP level 7. HP: 30/61 MP: 6/6
  2347 | D:5      | Entered Level 5 of the Dungeon
  2376 | D:4      | Found Ruone's Book Shoppe.
  2393 | D:4      | Reached skill level 8 in Long Blades
  2425 | D:3      | Noticed Ijyb
  2434 | D:3      | Killed Ijyb
  3236 | D:4      | Noticed Eustachio
  3260 | D:4      | Killed Eustachio
  3260 | D:4      | Reached **** piety under Trog
  3443 | D:4      | Reached skill level 1 in Short Blades
  3473 | D:4      | Found Beotekae's Assorted Antiques.
  3476 | D:4      | Found Gushrior's Book Shoppe.
  3504 | D:4      | Found Rinid's Antique Weapon Shoppe.
  3849 | D:5      | Reached XP level 8. HP: 39/69 MP: 7/7
  4154 | D:6      | Reached skill level 1 in Shields
  4344 | D:6      | Reached skill level 5 in Armour
  4413 | D:6      | Reached skill level 5 in Dodging
  4889 | D:7      | Noticed Duvessa
  4978 | D:7      | Noticed a hippogriff
  4983 | D:7      | Reached skill level 1 in Stealth
  4986 | D:7      | Noticed Dowan
  4992 | D:7      | Killed a hippogriff
  5008 | D:7      | Killed Dowan
  5013 | D:7      | Killed Duvessa
  5028 | D:7      | Reached XP level 9. HP: 67/77 MP: 8/8
  5133 | D:7      | Reached skill level 5 in Short Blades
  5184 | D:8      | Noticed Erica
  5226 | D:7      | Found a staircase to the Ecumenical Temple.
  5442 | D:8      | Found an iron altar of Okawaru.
  5728 | D:7      | Reached ***** piety under Trog
  6147 | D:7      | Reached skill level 9 in Long Blades
  7051 | D:4      | Bought a faintly glowing great sword for 287 gold pieces
  7058 | D:4      | Identified the +7 great sword of Propriety {freeze, rF+ rN+
                  | MR+} (You bought it in a shop on level 4 of the Dungeon)
  7199 | D:8      | Received a gift from Trog
  7202 | D:8      | Killed Erica
  7202 | D:8      | Reached XP level 10. HP: 80/86 MP: 9/9
  7624 | D:8      | Found a staircase to the Lair.
  7658 | D:8      | Noticed Harold
  7678 | D:8      | Killed Harold
  7678 | D:8      | Reached skill level 10 in Long Blades
  7914 | D:8      | Noticed Maurice
  7927 | D:8      | Killed Maurice
  7973 | D:8      | Noticed Psyche
  7987 | D:8      | Killed Psyche
  8152 | D:8      | Reached skill level 11 in Long Blades
  8553 | D:9      | Found a glowing silver altar of Zin.
  8566 | D:10     | Entered Level 10 of the Dungeon
  8952 | D:9      | Found a staircase to the Orcish Mines.
  9383 | D:9      | Upgraded the game from 0.23-a0-293-g65bf2d1 to
                  | 0.23-a0-296-ga3b1b28
  9486 | D:9      | Reached XP level 11. HP: 83/94 MP: 10/10
  9602 | D:10     | Noticed Felrender's ghost (novice MiFi)
  9605 | D:10     | Found a runed door.
  9631 | D:10     | Killed Felrender's ghost
  9631 | D:10     | Reached skill level 12 in Long Blades
  9631 | D:10     | Reached skill level 1 in Evocations
  9679 | D:10     | Noticed Urug
  9992 | D:10     | Killed Urug
 10587 | D:10     | Upgraded the game from 0.23-a0-296-ga3b1b28 to
                  | 0.23-a0-299-g9a66eeb
 10671 | D:10     | Noticed Snorg
 10680 | D:10     | Killed Snorg
 10680 | D:10     | Reached skill level 13 in Long Blades
 10785 | D:11     | Found Netec's General Store.
 10913 | D:12     | Noticed a skeletal warrior
 10920 | D:12     | Noticed a skeletal warrior
 10923 | D:12     | Killed a skeletal warrior
 10923 | D:12     | Noticed a skeletal warrior
 10930 | D:12     | Killed a skeletal warrior
 10937 | D:12     | Killed a skeletal warrior
 11153 | D:11     | Found Juem's Food Shoppe.
 11267 | D:11     | Found Kaucubb's Antique Armour Shoppe.
 11293 | D:11     | Bought an embroidered cloak for 150 gold pieces
 11573 | D:11     | Noticed a fire giant
 11808 | D:11     | Reached XP level 12. HP: 103/104 MP: 13/13
 11811 | D:11     | Reached skill level 14 in Long Blades
 11869 | D:11     | Found Bacad's Assorted Antiques.
 11873 | D:11     | Found Tenekyel's Magic Scroll Shop.
 12543 | D:13     | Reached skill level 15 in Long Blades
 12632 | D:12     | Noticed a two-headed ogre
 12642 | D:12     | Killed a two-headed ogre
 13014 | D:12     | Reached skill level 10 in Armour
 13562 | D:13     | Reached skill level 16 in Long Blades
 13747 | D:13     | Reached skill level 10 in Dodging
 14167 | D:13     | Noticed a five-headed hydra
 14324 | D:15     | Entered Level 15 of the Dungeon
 14324 | D:15     | Found Ixishrak's Weapon Emporium.
 14336 | D:15     | Noticed a two-headed ogre
 14339 | D:15     | Reached XP level 13. HP: 112/112 MP: 15/15
 14366 | D:15     | Reached skill level 10 in Fighting
 14434 | D:15     | Found Lusu's Gadget Emporium.
 14463 | D:15     | Reached skill level 17 in Long Blades
 14504 | D:15     | Reached skill level 5 in Evocations
 14509 | D:15     | Found a staircase to the Depths.
 14520 | D:15     | Received a gift from Trog
 14568 | D:15     | Found a blossoming altar of Fedhas.
 14583 | D:15     | Found Qeymijuf's Gadget Shoppe.
 14645 | D:15     | Found a labyrinth entrance.
 14647 | D:15     | Found Yfav's Armour Shop.
 14872 | D:15     | Found a sacrificial altar of Ru.
 14907 | D:15     | HP: 5/114 [cyclops (19)]
 14909 | D:15     | Hit by a large rock thrown by a cyclops

Vault maps used:
D:1:      dpeg_arrival_rooms_b, serial_forest, infiniplex_forest_3_way,
          infiniplex_forest_clump_small, infiniplex_forest_straight_3,
          infiniplex_forest_clump_diagonal, infiniplex_forest_end_3,
          infiniplex_forest_straight_3, infiniplex_forest_clump_diagonal,
          infiniplex_forest_join, infiniplex_forest_lined_4_way
D:2:      grunt_temple_overflow_open, first_ration, kennysheep_generic_room_3,
          uniq_terence
D:3:      uniq_ijyb
D:4:      serial_shops, shop, nicolae_shop_behind_doors, shop,
          nicolae_shop_overgrown_old_shop, enter_ossuary_4, uniq_eustachio
D:6:      st_stairs_14
D:7:      kennysheep_seaside_town, minmay_temple_entry_statues_fountains,
          uniq_duvessa
D:8:      kennysheep_blocky_hall, okawaru_trees_1, grunt_pizzeria, minivault_11,
          uniq_psyche, uniq_harold, uniq_maurice, uniq_erica
D:9:      zin_treasury, orc_0_dummy
D:10:     hellmonk_ghost_happy_afterlife, minmay_unpleasant_kobolds, uniq_snorg,
          uniq_urug
D:11:     serial_shops, nicolae_shop_behind_doors, shop_fountains, shop,
          nicolae_shop_overgrown_old_shop, shop,
          onia_ninara_dug_in_and_dangerous
D:12:     hangedman_abyss_or_decor_slice
D:14:     david_vaults_2, grunt_decor_resistance
D:15:     gammafunk_enter_depths_forms, serial_shops, nicolae_shop_trees, shop,
          nicolae_shop_statue_plus, nicolae_shop_competitors_out_of_business,
          shop_coins, basic_altar, nicolae_ru_sacrificial_ziggurat,
          lab_entry_generic
Ossuary:  ossuary_tomb_2

Skill      XL: |  1  2  3  4  5  6  7  8  9 10 11 12 13 |
---------------+----------------------------------------+-----
Fighting       | 4 5 6 7 8 9 10 | 10.3
Long Blades    | 5 6 7 8 9 11 13 16 17 | 17.3
Dodging        | 3 4 5 7 8 9 10 | 10.5
Armour         | 3 4 5 7 9 10 | 10.7
Short Blades   | 1 4 6 |  6.8
Shields        | 3 |  3.8
Stealth        | 1 |  1.7
Evocations     | 3 4 5 |  5.2

Action                   |  1- 3 |  4- 6 |  7- 9 | 10-12 | 13-15 || total
-------------------------+-------+-------+-------+-------+-------++-------
Melee: Falchion          |    35 |   207 |    65 |       |       ||   307
       Headbutt          |     2 |    48 |    72 |   122 |    24 ||   268
       Rapier            |       |       |   281 |       |       ||   281
       Great sword       |       |       |     3 |   457 |   117 ||   577
Throw: Tomahawk          |       |       |       |     2 |       ||     2
Invok: Berserk           |       |       |     3 |     4 |       ||     7
       Trog's Hand       |       |       |     2 |     5 |     1 ||     8
Evoke: Wand              |       |       |     2 |     7 |       ||     9
  Use: Scroll            |     1 |     3 |     5 |    12 |     1 ||    22
       Potion            |       |       |     4 |     5 |     2 ||    11
  Eat: Chunk             |       |     3 |    13 |    15 |       ||    31
       Ration            |       |     1 |     2 |     4 |       ||     7
Armor: Animal skin       |     3 |       |       |       |       ||     3
       Ring mail         |     5 |    31 |       |       |       ||    36
       Chain mail        |       |    37 |   153 |       |       ||   190
       Plate armour      |       |       |    12 |   254 |    96 ||   362
Dodge: Dodged            |    21 |    74 |   132 |   218 |    67 ||   512
Block: Buckler           |       |    12 |    62 |       |       ||    74
       Rpst.: Falchion   |     7 |    22 |     4 |       |       ||    33
       Great sword       |       |       |       |    56 |    12 ||    68

Table legend:
 A = Non-vault XP
 B = Vault XP
 C = Vault XP percentage of total XP
 D = Non-vault monster count
 E = Vault monster count
 F = Vault count percentage of total count
                 A         B        C        D         E       F
            +---------+---------+-------+---------+---------+-------
      Total |   38421 |   12468 |  24.5 |     343 |      95 |  21.7
            +---------+---------+-------+---------+---------+-------
        D:1 |     122 |       0 |   0.0 |      16 |       0 |   0.0
        D:2 |     139 |      38 |  21.5 |      28 |       1 |   3.4
        D:3 |      35 |      36 |  50.7 |      19 |       1 |   5.0
        D:4 |     287 |     210 |  42.3 |      19 |       3 |  13.6
        D:5 |     249 |       0 |   0.0 |      10 |       0 |   0.0
        D:6 |     512 |       7 |   1.3 |      11 |       2 |  15.4
        D:7 |    1491 |    1683 |  53.0 |      36 |      26 |  41.9
        D:8 |     890 |    3044 |  77.4 |      21 |       9 |  30.0
        D:9 |    1801 |       0 |   0.0 |      24 |       0 |   0.0
       D:10 |    2694 |    3030 |  52.9 |      29 |       9 |  23.7
       D:11 |    3036 |       0 |   0.0 |      19 |       0 |   0.0
       D:12 |   10096 |       0 |   0.0 |      52 |       0 |   0.0
       D:13 |    4971 |       0 |   0.0 |      18 |       0 |   0.0
       D:14 |    2731 |       0 |   0.0 |       8 |       0 |   0.0
       D:15 |    9367 |    4044 |  30.2 |      33 |      12 |  26.7
    Ossuary |       0 |     376 | 100.0 |       0 |      32 | 100.0
            +---------+---------+-------+---------+---------+-------
